 Dungeon Crawl Stone Soup version 0.31-a0-960-g0fca184906 (webtiles) character file.

Game seed: 11564180746864837303

233882 croobank the Fighter (level 18, 0/153 HPs)
             Began as a Demonspawn Ice Elementalist on Oct 23, 2023.
             Was a High Priest of Ashenzari.
             Succumbed to a merfolk impaler's poison
             ... on level 4 of the Shoals on Oct 24, 2023.
             The game lasted 04:06:41 (46845 turns).

croobank the Fighter (Demonspawn Ice Elementalist) Turns: 46845, Time: 04:06:42

Health: 0/153      AC: 23    Str:  9    XL:     18   Next: 86%
Magic:  37/37      EV: 17    Int: 30    God:    Ashenzari [*****.]
Gold:   923        SH: 16    Dex: 14    Spells: 9/48 levels left

rFire   . . .        a - +6 dagger of Ashenzari's Sybil {venom, Alch, Fort} (curse)
rCold   + . .        S - +0 buckler of Curses and Power {Self, Elem} (curse)
rNeg    . . .        O - +5 acid dragon scales of the Cursed Sky {rCorr, Bglg, Elem} (curse)
rPois   .            (helmet restricted)
rElec   .            (cloak unavailable)
rCorr   +            U - +1 pair of gloves "Bound Sybil" {Comp, Alch} (curse)
SInv    +            j - +2 pair of boots of Ashenzari's Prison {Range, Dev} (curse)
Will    +....        w - amulet of the Omniscient Vision {Reflect SH+5, Cun, Elem} (curse)
Stlth   +++          f - ring of the All-seeing Secrets {Int+6, Self, Fort} (curse)
HPRegen 1.25/turn    v - ring "Perceptive Anxiety" {Slay+4, Elem, Range} (curse)
MPRegen 0.25/turn

%: reflection, clarity
@: mighty, lethally poisoned (0 -> -8), silenced, hasted, slow
A: icy blue scales 3, foul stench 2, black mark, condensation shield,
bedeviling, weakness stinger 3, horns 1, mutation resistance 1, regeneration 1
}: 1/15 runes: serpentine
a: Renounce Religion, Curse Item, Shatter the Chains


You were on level 4 of the Shoals.
You worshipped Ashenzari.
Ashenzari was extremely pleased with you.
You visited 6 branches of the dungeon, and saw 31 of its levels.
You also visited: Bailey.

You collected 2719 gold pieces.
You spent 1796 gold pieces at shops.

Inventory:

Hand Weapons
 a - the cursed +6 dagger of Ashenzari's Sybil (weapon) {venom, Alch, Fort}
   (You took it off a goblin on level 1 of the Dungeon)

   It has a curse which improves the following skills: Alchemy: Poison Magic and
   Transmutations.
   Fortitude: Armour and Shields.
 y - a +6 scimitar of flaming
 K - a +2 broad axe of venom
Missiles
 l - 2 throwing nets
 X - 4 silver javelins
Armour
 j - the cursed +2 pair of boots of Ashenzari's Prison (worn) {Range, Dev}
   (You found it on level 2 of the Dungeon)

   It has a curse which improves the following skills: Ranged Combat: Ranged
   Weapons and Throwing.
   Devices:   Evocations and Shapeshifting.
 N - a +0 pair of boots of stealth
 O - the cursed +5 acid dragon scales of the Cursed Sky (worn) {rCorr, Bglg, Elem}
   (You found it on level 8 of the Dungeon)

   rCorr:     It protects you from acid and corrosion.
   It has a curse which improves the following skills: Beguiling: Conjurations,
   Hexes and Translocations.
   Elements:  Fire Magic, Ice Magic, Air Magic and Earth Magic.
 S - the cursed +0 buckler of Curses and Power (worn) {Self, Elem}
   (You found it on level 11 of the Dungeon)

   It has a curse which improves the following skills: Introspection: Fighting
   and Spellcasting.
   Elements:  Fire Magic, Ice Magic, Air Magic and Earth Magic.
 U - the cursed +1 pair of gloves "Bound Sybil" (worn) {Comp, Alch}
   (You bought it in a shop on level 12 of the Dungeon)

   It has a curse which improves the following skills: Companions: Summonings
   and Necromancy.
   Alchemy:   Poison Magic and Transmutations.
Magical Staves
 x - the staff of the Tomato {rElec rC+ rN+ Str+4 Air}
   (You found it on level 14 of the Dungeon)

   [staff of air]

   Base accuracy: +5 Base damage: 5 Base attack delay: 1.2 This weapon's minimum
   attack delay (0.6) is reached at skill level 12.
   Str+4:     It affects your strength (+4).
   rC+:       It protects you from cold.
   rElec:     It insulates you from electricity.
   rN+:       It protects you from negative energy.
   Air:       It increases the power of your Air spells.
   It falls into the 'Staves' category.
   It is a one-handed weapon.
Jewellery
 b - a +5 ring of evasion
 d - a ring of protection from cold
 f - the cursed ring of the All-seeing Secrets (left hand) {Int+6, Self, Fort}
   (You took it off a salamander on level 2 of the Snake Pit)

   [ring of intelligence]

   Int+6:     It affects your intelligence (+6).
   It has a curse which improves the following skills: Introspection: Fighting
   and Spellcasting.
   Fortitude: Armour and Shields.
 v - the cursed ring "Perceptive Anxiety" (right hand) {Slay+4, Elem, Range}
   (You found it on level 5 of the Dungeon)

   [ring of slaying]

   Slay+4:    It affects your accuracy & damage with ranged weapons and melee
   (+4).
   It has a curse which improves the following skills: Elements: Fire Magic, Ice
   Magic, Air Magic and Earth Magic.
   Ranged Combat: Ranged Weapons and Throwing.
 w - the cursed amulet of the Omniscient Vision (around neck) {Reflect SH+5, Cun, Elem}
   (You bought it in a shop on level 1 of the Snake Pit)

   [amulet of reflection]

   Reflect:   It reflects blocked missile attacks.
   SH+5:      It affects your SH (+5).
   It has a curse which improves the following skills: Cunning: Dodging and
   Stealth.
   Elements:  Fire Magic, Ice Magic, Air Magic and Earth Magic.
 F - the ring of Matuitic {Fire rElec Str-2 Int+2 Dex+2}
   (You took it off an occultist on level 14 of the Dungeon)

   [ring of fire]

   Fire:      It enhances your fire magic.
   Str-2:     It affects your strength (-2).
   Int+2:     It affects your intelligence (+2).
   Dex+2:     It affects your dexterity (+2).
   rF+:       It protects you from fire.
   rC-:       It makes you vulnerable to cold.
   rElec:     It insulates you from electricity.
 Y - a ring of poison resistance
Wands
 e - a wand of paralysis (11)
 g - a wand of mindburst (9)
 A - a wand of iceblast (22)
 D - a wand of flame (37)
 J - a wand of acid (4)
Scrolls
 n - 12 scrolls of teleportation
 q - a scroll of revelation
 t - 7 scrolls of vulnerability
 B - 2 scrolls of poison
 C - 2 scrolls of noise
 I - 10 scrolls of fog
 M - 3 scrolls of fear
 P - a scroll of butterflies
 T - 2 scrolls of blinking
 Z - 3 scrolls of amnesia
Potions
 h - 14 potions of curing
 i - a potion of berserk rage
 k - 2 potions of invisibility
 m - 6 potions of resistance
 o - 4 potions of attraction
 p - 3 potions of heal wounds
 s - 4 potions of lignification
 u - 2 potions of brilliance
 z - a potion of haste
 E - 7 potions of mutation
 G - 2 potions of ambrosia
 H - 2 potions of magic
 R - 2 potions of enlightenment
 W - 2 potions of cancellation
Miscellaneous
 c - a phial of floods
 V - a tin of tremorstones (2/2)


   Skills:
 + Level 13.8(16.9) Fighting
 - Level 7.0 Short Blades
 - Level 7.7(10.9) Armour
 + Level 12.8(14.8) Dodging
 + Level 13.6(15.6) Stealth
 - Level 7.7(10.9) Shields
 + Level 12.6(15.7) Spellcasting
 - Level 8.0(10.2) Conjurations
 - Level 4.9(7.0) Hexes
 - Level 7.8(10.0) Summonings
 - Level 5.9(8.1) Necromancy
 + Level 5.2(7.3) Translocations
 - Level 2.3(4.8) Transmutations
 - Level 6.4(11.3) Fire Magic
 - Level 8.2(13.2) Ice Magic
 - Level 4.8(9.5) Earth Magic


You had 9 spell levels left.
You knew the following spells:

 Your Spells              Type           Power      Damage    Failure   Level
a - Freeze                Ice            100%       1d10      0%          1
b - Frozen Ramparts       Ice            100%       1d16      1%          3
c - Ozocubu's Armour      Ice            80%        N/A       1%          3
d - Foxfire               Conj/Fire      100%       2x1d9     1%          1
e - Dispel Undead         Necr           64%        3d22      1%          4
f - Borgnjor's Vile Clut  Necr/Erth      33%        N/A       2%          5
g - Irradiate             Conj/Tmut      31%        3d22      4%          5
h - Summon Mana Viper     Hex/Summ       84%        N/A       3%          5
i - Summon Forest         Summ/Tloc      33%        N/A       3%          5
j - Blink                 Tloc           100%       N/A       1%          2
k - Arcjolt               Conj/Air       27%        1d37      11%         5

Your spell library contained the following spells:

 Spells                   Type           Power      Damage    Failure   Level
 Magic Dart               Conj           100%       1d8       1%          1
 Lesser Beckoning         Tloc           100%       N/A       1%          2
 Momentum Strike          Conj/Tloc      100%       3d10      1%          2
 Searing Ray              Conj           100%       2d8       1%          2
 Sublimation of Blood     Necr           64%        N/A       1%          2
 Wereblood                Tmut           51%        N/A       1%          2
 Gell's Gravitas          Tloc           61%        N/A       1%          3
 Ignite Poison            Fire/Tmut/Pois 54%        N/A       1%          3
 Teleport Other           Tloc           61%        N/A       1%          3
 Animate Dead             Necr           64%        N/A       1%          4
 Brom's Barrelling Bould  Conj/Erth      70%        2d8       1%          4
 Flame Wave               Conj/Fire      73%        2d16      1%          4
 Fulminant Prism          Conj/Hex       42%        3d19      1%          4
 Sticky Flame             Conj/Fire      73%        2d9       1%          4
 Summon Ice Beast         Ice/Summ       76%        N/A       1%          4
 Fireball                 Conj/Fire      36%        3d15      1%          5
 Iskenderun's Battlesphe  Conj           71%        2d12      1%          5
 Metabolic Englaciation   Hex/Ice        45%        N/A       1%          5
 Mephitic Cloud           Conj/Pois/Air  46%        N/A       2%          3
 Freezing Cloud           Conj/Ice/Air   32%        6-21      3%          5
 Poisonous Vapours        Pois/Air       54%        N/A       4%          2
 Vhi's Electric Charge    Tloc/Air       94%        N/A       7%          4
 Simulacrum               Ice/Necr       36%        N/A       7%          6
 Starburst                Conj/Fire      36%        6d11      7%          6
 Death Channel            Necr           32%        N/A       21%         6
 Plasma Beam              Fire/Air       28%        2x1d40    43%         6
 Orb of Destruction       Conj           35%        9d10      43%         7
 Conjure Ball Lightning   Conj/Air       27%        3x3d8     52%         6
 Ignition                 Fire           37%        3d11      93%         8
 Borgnjor's Revivificati  Necr           32%        N/A       100%        8
 Maxwell's Capacitive Co  Air            14%        ∞         100%        8


Dungeon Overview and Level Annotations

Branches:
Dungeon (15/15)            Temple (1/1) D:4            Lair (5/5) D:9
 Shoals (4/4) Lair:2        Snake (4/4) Lair:2        Slime (0/5) Lair:4
    Orc (2/2) D:9             Elf (0/3) Orc:2        Vaults (0/5) D:13
 Depths (0/4) D:15         Bailey (visited)

Altars:
Ashenzari
Cheibriados
Dithmenos
Fedhas
Gozag
Hepliaklqana
Kikubaaqudgha
Makhleb
Nemelex Xobeh
Okawaru
Qazlal
Ru
Sif Muna
Trog
Uskayaw
Vehumet
Wu Jian
Xom
Yredelemnul

Shops:
D:6 :   D:12 [   D:15 (   Orc:2 (([(?   Snake:1 =:=   Snake:4 !

Annotations:
Lair:4 1 runed translucent door
Shoals:4 Bai Suzhen


Innate Abilities, Weirdness & Mutations

You are completely covered in icy blue scales. (AC +4, rC+)
You sometimes emit foul miasma when damaged in melee.
Your melee attacks may debilitate your foes.
A meltable shield of frost defends you. (SH +4)
Your hexes are more powerful.
You have a sharp stinger which inflicts weakening toxins.
You have a pair of small horns on your head.
You are somewhat resistant to further mutation.
Your natural rate of healing is unusually fast.


Message History

You are engulfed in a thunderstorm.
You feel sick. You block Bai Suzhen's attack.
Bai Suzhen claws you but does no damage.
Bai Suzhen tramples you but does no damage.
The merfolk impaler hits you from afar with a +1 trident of venom!
You are more poisoned.
The merfolk struggles against the net.
You puncture Bai Suzhen!
Bai Suzhen looks as sick as possible!
Bai Suzhen is almost dead.
You feel very sick. You block the merfolk impaler's attack.
Bai Suzhen breathes water at you. The torrent of water misses you.
The torrent of water hits the merfolk siren!!
The merfolk siren is knocked back by the torrent of water.
The wave splashes down.
Your unstable footing causes you to fumble your attack.
You are engulfed in a thunderstorm.
* * * LOW HITPOINT WARNING * * *
You feel very sick.
The merfolk struggles against the net.
The net rips apart, and the merfolk comes free!
The merfolk impaler hits you from afar with a +1 trident of venom.
* * * LOW HITPOINT WARNING * * *
Magic scrolls do not work when you're silenced!
You feel much better.
You feel very sick. The merfolk aquamancer misses you.
You block the merfolk impaler's attack. You block Bai Suzhen's attack.
Bai Suzhen barely misses you. Bai Suzhen misses you.
The merfolk hits you but does no damage.
The merfolk impaler hits you but does no damage.
Aim the phial where?
Press: ? - help, Shift-Dir - straight line, f/p - Bai Suzhen
Aim: Bai Suzhen (silenced, almost dead, surrounded by thunder, unaffected by silence, extremely poisoned, catching her breath, covered in acid, 94% to hit)
Okay, then.
You can't unwield your weapon to draw a new one!
You feel yourself speed up.
You are engulfed in a thunderstorm.
* * * LOW HITPOINT WARNING * * *
You die...

~,..~###.#...~...#..#*~~~
,*,..#~#.#..#~~..#..#*~~~
,*~,.#.#.#..)÷~..#..#*~~~
*~~,#...~#..~~~..#..#*~~~
*.8~#.~..#.#~.~..#..#*~~~
*...##...#..~~~#.#.)#*~~~
,..~..m§§#.~~.~~.#..#*~~~
,,#....kD#.~..~~.#v§#*~~~
,#.###m§@§^~.#~)....#*~~~
,,,#...#mm.~~.~~....#*~~~
,#.....~~#.~#~~~.#..#*~~~
*#...#$.~#.~~#~~.#..#*~~~
*...##..~#.#m.~#.#..#*~~~
*.8.*..#.#..~~~..#..#*~~~
*..*#.~#~#..~~~..#..#*~~~
,*~*.#.#.#..~~~..#..#*~~~
,,,,~*~*,*,,*~~,,#..#*~~~


You could see Bai Suzhen (clouds, unsilenced, extremely poisoned, catching
breath, corroded), a merfolk avatar, a merfolk impaler, a merfolk aquamancer, a
wind drake (repels missiles, unsilenced), a merfolk and a merfolk siren.

Vanquished Creatures
  Vashnia (Snake:4)
  Jorgrun (D:15)
  Rupert (Orc:2)
  A kraken (Shoals:3)
  Polyphemus (Shoals:2)
  Aizul (Snake:1)
  Donald (Shoals:2)
  4 nagarajas (Snake:4)
  3 frost giants (Shoals:3)
  A stone giant (Orc:2)
  Nessos (Lair:4)
  3 dire elephants
  5 merfolk impalers
  2 merfolk javelineers
  Josephine (Lair:3)
  4 hydras
  5 merfolk avatars
  3 catoblepae
  A rakshasa (D:14)
  3 vault guards
  An alligator snapping turtle (Shoals:3)
  7 centaur warriors
  2 ogre magi (Orc:2)
  7 anacondas
  4 tengu warriors (D:15)
  5 boulder beetles
  A death knight (D:14)
  12 two-headed ogres
  5 death yaks
  16 naga warriors
  13 naga sharpshooters
  An occultist (D:14)
  A deep elf knight (Snake:4)
  3 salamander mystics (Snake:3)
  8 shock serpents
  3 skeletal warriors (D:13)
  5 skysharks
  An iron troll (Orc:2)
  11 sea snakes
  A deep troll (Orc:2)
  2 swamp dragons (Lair:1)
  A kraken simulacrum (Shoals:3)
  A deep elf archer (Snake:4)
  2 orc knights
  8 harpies
  5 naga ritualists
  Pikel (D:7)
  5 deep elf pyromancers
  5 mana vipers
  6 cyclopes
  8 salamanders
  11 fauns
  21 ugly things
  An orc sorcerer (Orc:2)
  15 manticores
  7 merfolk sirens
  29 black mambas
  An elephant (Lair:5)
  An ice statue (Lair:4)
  A water nymph (Shoals:4)
  18 naga magi
  6 guardian serpents
  A gargoyle (D:14)
  11 cane toads
  3 torpor snails (Lair:5)
  3 kobold demonologists
  4 rime drakes
  2 unseen horrors (D:11)
  13 komodo dragons
  An efreet (D:13)
  2 freezing wraiths
  5 polar bears
  11 trolls
  A hellwing (D:12)
  13 merfolk
  Prince Ribbit (D:5)
  A wolf spider simulacrum (D:14)
  3 wind drakes
  19 blink frogs
  20 slime creatures
  2 snapping turtles
  8 centaur simulacra
  14 flying skulls (D:13)
  2 vampires
  6 wraiths
  6 water elementals
  2 shadows
  35 yaks
  2 alligator snapping turtle simulacra (Shoals:3)
  A fire elemental (D:11)
  6 humans (Bailey)
  4 steam dragons (Lair:5)
  4 basilisks
  6 wyverns
  15 vampire mosquitoes
  2 sea snake simulacra (Shoals:3)
  2 death yak simulacra (Shoals:3)
  A redback simulacrum (D:13)
  29 nagas
  2 acid dragons
  3 wargs (Orc:2)
  2 harpy simulacra (Shoals:3)
  13 water moccasins
  16 orc warriors
  12 ice beasts
  A sky beast (shapeshifter) (D:14)
  5 black bears
  2 satyr simulacra (Shoals:3)
  20 ogres
  11 wolves
  A lemure (D:7)
  5 centaurs
  A phantom (D:5)
  3 kobold brigands
  20 bullfrogs
  2 faun simulacra (Shoals:3)
  7 scorpions
  2 merfolk simulacra (Shoals:3)
  7 killer bees
  A manticore simulacrum (Shoals:3)
  An electric eel (Lair:5)
  10 howler monkeys
  3 hounds
  2 jellies
  A quasit (D:12)
  13 orc priests
  Crazy Yiuf (D:7)
  2 cyclops simulacra (Shoals:3)
  3 iron imps (D:9)
  A gnoll bouda (D:7)
  3 iguanas
  27 orc wizards
  A nameless horror (Shoals:3)
  2 boggart simulacra
  9 gnolls
  4 adders
  5 white imps
  3 ufetubi
  2 worms
  A dart slug (D:5)
  61 orcs
  8 endoplasms
  5 giant cockroaches
  10 goblins
  13 hobgoblins
  8 jackals
  5 quokkas
  11 ball pythons
  2 bats
  3 frilled lizards (D:1)
  16 kobolds
  5 rats
  A foxfire (Shoals:3)
  A snaplasher vine (Shoals:3)
  4 tentacles (Shoals:3)
949 creatures vanquished.

Vanquished Creatures (collateral kills)
  11 nagarajas (Snake:4)
  2 merfolk impalers
  2 anacondas
  A merfolk aquamancer (Shoals:4)
  A dancing weapon (D:13)
  A shock serpent (Snake:4)
  9 naga warriors
  7 naga sharpshooters
  2 salamander mystics (Snake:4)
  A skyshark (Shoals:1)
  3 sea snakes
  3 harpies
  A mana viper (Snake:4)
  4 salamanders
  7 cyclopes
  2 manticores (Shoals:3)
  5 fauns
  2 naga magi (Snake:4)
  2 water nymphs (Shoals:2)
  8 black mambas
  3 guardian serpents (Snake:4)
  A cane toad (shapeshifter) (D:14)
  4 merfolk sirens
  2 wind drakes
  12 merfolk
  2 dream sheep (Shoals:2)
  3 water elementals (Shoals:4)
  13 nagas
  A hell hound (Snake:4)
  An orc warrior (Orc:2)
  A nameless horror (Snake:4)
  An orc priest (Orc:2)
  A centaur simulacrum (Shoals:3)
  An orc (Orc:2)
  12 foxfires
132 creatures vanquished.

Vanquished Creatures (others)
  A nagaraja (Snake:4)
  A frost giant (D:15)
  An ugly thing (D:14)
  1709 foxfires
  18 snaplasher vines
1730 creatures vanquished.

Grand Total: 2811 creatures vanquished

Notes
Turn   | Place    | Note
-------+----------+-------------------------------------------
     0 | D:1      | croobank the Demonspawn Ice Elementalist began the quest
                  | for the Orb.
     0 | D:1      | Reached XP level 1. HP: 13/13 MP: 3/3
   174 | D:1      | Gained mutation: You have a small tail. [demonic ancestry]
   174 | D:1      | Reached XP level 2. HP: 7/19 MP: 0/5
   661 | D:1      | Gained mutation: You have a tail ending in a sharp stinger.
                  | [demonic ancestry]
   661 | D:1      | Reached XP level 3. HP: 25/25 MP: 4/6
   665 | D:1      | Learned a level 3 spell: Frozen Ramparts
  1059 | D:2      | Reached skill level 1 in Fighting
  1468 | D:2      | Gained mutation: You have a sharp stinger which inflicts
                  | weakening toxins. [demonic ancestry]
  1468 | D:2      | Reached XP level 4. HP: 27/32 MP: 7/7
  1774 | D:3      | Learned a level 3 spell: Ozocubu's Armour
  2274 | D:3      | Gained mutation: You are partially covered in icy blue
                  | scales. (AC +2) [demonic ancestry]
  2274 | D:3      | Reached XP level 5. HP: 21/38 MP: 2/9
  2286 | D:3      | Gained mutation: Your magical capacity is low. (-10% MP)
                  | [potion of mutation]
  2286 | D:3      | Gained mutation: You have a pair of small horns on your
                  | head. [potion of mutation]
  2968 | D:4      | Found a staircase to the Ecumenical Temple.
  2976 | D:4      | Gained mutation: You are mostly covered in icy blue scales.
                  | (AC +3) [demonic ancestry]
  2976 | D:4      | Reached XP level 6. HP: 36/44 MP: 0/9
  3177 | Temple   | Entered the Ecumenical Temple
  3880 | D:5      | Identified the of Gosig
  3880 | D:5      | Entered Level 5 of the Dungeon
  3884 | D:5      | Gained mutation: You are completely covered in icy blue
                  | scales. (AC +4, rC+) [demonic ancestry]
  3884 | D:5      | Reached XP level 7. HP: 49/52 MP: 7/11
  4015 | D:5      | Reached skill level 1 in Short Blades
  4119 | D:5      | Learned a level 1 spell: Foxfire
  4475 | D:5      | Noticed Prince Ribbit
  4496 | D:5      | Reached skill level 5 in Ice Magic
  4505 | D:5      | Killed Prince Ribbit
  4506 | D:5      | Reached skill level 1 in Conjurations
  4506 | D:5      | Reached skill level 1 in Fire Magic
  4506 | D:5      | Reached XP level 8. HP: 55/60 MP: 0/12
  5584 | D:6      | Found Xeaw's Tiny Tomes.
  6301 | D:7      | Noticed Pikel
  6312 | D:7      | Killed Pikel
  6313 | D:7      | Reached XP level 9. HP: 49/66 MP: 1/14
  6323 | D:7      | Reached skill level 5 in Stealth
  6563 | D:7      | Found a flagged portal.
  6572 | D:7      | Found a broken altar of Ashenzari.
  6580 | D:7      | Became a worshipper of Ashenzari the Shackled
  6592 | Bailey   | Entered a bailey
  6646 | Bailey   | Reached skill level 5 in Dodging
  6730 | Bailey   | Reached skill level 5 in Spellcasting
  6738 | Bailey   | Reached skill level 5 in Fighting
  6912 | Bailey   | Reached skill level 5 in Short Blades
  6994 | Bailey   | Noticed a vault guard
  7002 | Bailey   | Noticed a vault guard
  7021 | Bailey   | Killed a vault guard
  7022 | Bailey   | Gained mutation: You may rarely emit foul miasma when
                  | damaged in melee. [demonic ancestry]
  7022 | Bailey   | Reached XP level 10. HP: 32/74 MP: 3/16
  7180 | Bailey   | Killed a vault guard
  7568 | D:7      | Found a stormy altar of Qazlal.
  7568 | D:7      | Found a shadowy altar of Dithmenos.
  7568 | D:7      | Found a snail-covered altar of Cheibriados.
  7615 | D:7      | Found a hide-covered altar of Uskayaw.
  7620 | D:7      | Found a blossoming altar of Fedhas.
  7664 | D:7      | Found a runed translucent door.
  7665 | D:7      | Noticed Crazy Yiuf
  7675 | D:7      | Killed Crazy Yiuf
  7980 | D:8      | Found a basalt altar of Yredelemnul.
  9352 | D:9      | Gained mutation: You sometimes emit foul miasma when
                  | damaged in melee. [demonic ancestry]
  9352 | D:9      | Reached XP level 11. HP: 66/81 MP: 6/18
  9435 | D:9      | Found a staircase to the Lair.
  9598 | D:9      | Found a staircase to the Orcish Mines.
  9880 | D:9      | Reached * piety under Ashenzari
  9941 | D:9      | Noticed a two-headed ogre
  9943 | D:9      | Killed a two-headed ogre
  9944 | D:9      | Reached skill level 5 in Conjurations
 10045 | D:9      | Learned a level 4 spell: Dispel Undead
 10272 | D:9      | Found a burning altar of Makhleb.
 10530 | D:10     | Entered Level 10 of the Dungeon
 10545 | D:10     | Noticed a two-headed ogre
 10559 | D:10     | Killed a two-headed ogre
 10560 | D:10     | Reached skill level 1 in Necromancy
 10703 | D:10     | Reached ** piety under Ashenzari
 11176 | D:10     | Identified the +0 ring mail of Imperfection {rC+ Dex+2}
 11655 | D:11     | Noticed a sixfirhy
 11876 | D:11     | Noticed a boulder beetle
 11886 | D:11     | Reached skill level 5 in Fire Magic
 11887 | D:11     | Killed a boulder beetle
 11992 | D:11     | Reached *** piety under Ashenzari
 12571 | D:11     | Noticed a boulder beetle
 12583 | D:11     | Killed a boulder beetle
 13027 | D:11     | Noticed a two-headed ogre
 13035 | D:11     | Killed a two-headed ogre
 13036 | D:11     | Gained mutation: A meltable shield of frost defends you.
                  | (SH +4) [demonic ancestry]
 13036 | D:11     | Reached XP level 12. HP: 71/91 MP: 11/19
 13304 | D:12     | Found Eteqeam's Antique Armour Shop.
 13309 | D:12     | Bought a pair of gloves for 162 gold pieces
 14428 | D:14     | Identified the "Agaopue"
 14428 | Lair:1   | Entered Level 1 of the Lair of Beasts
 14728 | Lair:1   | Found a transporter.
 15324 | Lair:1   | Found a transporter.
 15449 | Lair:1   | Reached **** piety under Ashenzari
 15536 | Lair:2   | Reached skill level 5 in Necromancy
 16095 | Lair:2   | Upgraded the game from 0.31-a0-949-g57150269e1 to
                  | 0.31-a0-960-g0fca184906
 16253 | Lair:2   | Found a staircase to the Snake Pit.
 16614 | Lair:2   | Found a staircase to the Shoals.
 17516 | Lair:3   | Noticed Josephine
 17539 | Lair:3   | Killed Josephine
 17540 | Lair:3   | Reached XP level 13. HP: 69/96 MP: 3/21
 17727 | Lair:3   | Reached ***** piety under Ashenzari
 17905 | Lair:3   | Learned a level 5 spell: Borgnjor's Vile Clutch
 18083 | Lair:3   | Reached skill level 1 in Earth Magic
 18865 | Lair:4   | Found a runed translucent door.
 18865 | Lair:4   | Found a staircase to the Slime Pits.
 18865 | Lair:4   | Noticed an azure jelly
 18865 | Lair:4   | Noticed an azure jelly
 19955 | Lair:4   | Noticed Nessos
 19962 | Lair:4   | Killed Nessos
 20197 | Lair:5   | Entered Level 5 of the Lair of Beasts
 20197 | Lair:5   | Noticed a dire elephant
 20673 | Lair:5   | Lost mutation: Your magical capacity is low. (-10% MP)
                  | [potion of mutation]
 20673 | Lair:5   | Lost mutation: You have a pair of small horns on your head.
                  | [potion of mutation]
 20673 | Lair:5   | Gained mutation: You have a pair of small horns on your
                  | head. [potion of mutation]
 20673 | Lair:5   | Gained mutation: Your natural rate of healing is unusually
                  | fast. [potion of mutation]
 20673 | Lair:5   | Gained mutation: You are somewhat resistant to further
                  | mutation. [potion of mutation]
 21188 | Lair:5   | Learned a level 5 spell: Irradiate
 21210 | Lair:5   | Reached XP level 14. HP: 113/113 MP: 18/28
 21222 | Lair:5   | Reached skill level 1 in Transmutations
 22248 | D:6      | Bought Jiuduw's Encyclopedia of the Legion and Geometries
                  | for 132 gold pieces
 22248 | D:6      | Bought the Incunabulum of Formation for 132 gold pieces
 22254 | D:6      | Learned a level 5 spell: Summon Mana Viper
 22260 | D:6      | Learned a level 5 spell: Summon Forest
 22707 | D:13     | Reached skill level 1 in Summonings
 22732 | D:13     | Reached skill level 1 in Hexes
 23234 | D:13     | Found the +3 giant club "Skullcrusher" {speed, Str+7}
 24549 | D:13     | Found a gate to the Vaults.
 25646 | Orc:1    | Entered Level 1 of the Orcish Mines
 25981 | Orc:2    | Entered Level 2 of the Orcish Mines
 26009 | Orc:2    | Reached skill level 10 in Fighting
 26090 | Orc:2    | Reached skill level 10 in Stealth
 26232 | Orc:2    | Noticed a stone giant
 26239 | Orc:2    | Reached skill level 5 in Summonings
 26254 | Orc:2    | Killed a stone giant
 26258 | Orc:2    | Reached XP level 15. HP: 96/121 MP: 11/30
 27143 | Orc:2    | Found a staircase to the Elven Halls.
 27493 | Orc:2    | Noticed Rupert
 27502 | Orc:2    | Killed Rupert
 27650 | Orc:2    | Found Ulladghuj's Antique Weapon Shoppe.
 27653 | Orc:2    | Found Iqonifyx's Antique Armour Shoppe.
 27655 | Orc:2    | Found Napaile's Weapon Shop.
 27866 | Orc:2    | Found Letyl's Antique Weapon Emporium.
 28044 | Orc:2    | Found Epithrats's Magic Scroll Shop.
 28047 | Orc:2    | Bought a scroll of immolation for 48 gold pieces
 28439 | D:14     | Identified the staff of the Tomato {rElec rC+ rN+ Str+4
                  | Air}
 28468 | D:14     | Identified the ring of Matuitic {Fire rElec Str-2 Int+2
                  | Dex+2}
 28690 | D:14     | Found a hide-covered altar of Uskayaw.
 28768 | D:14     | Found a shimmering blue altar of Sif Muna.
 28773 | D:14     | Found a hazy altar of Hepliaklqana.
 28773 | D:14     | Found a shimmering blue altar of Sif Muna.
 29236 | D:14     | Reached skill level 10 in Dodging
 29750 | D:15     | Entered Level 15 of the Dungeon
 29767 | D:15     | Reached skill level 10 in Spellcasting
 30133 | D:15     | Found Araol's Antique Weapon Shoppe.
 30138 | D:15     | Bought a pitted short sword for 296 gold pieces
 30138 | D:15     | Identified the +7 short sword of Mana {flame, rElec rC+++
                  | Dex-4 Stlth+} (You bought it in a shop on level 15 of the
                  | Dungeon)
 30699 | D:15     | Noticed Jorgrun
 30705 | D:15     | Noticed a frost giant
 30711 | D:15     | Killed Jorgrun
 30718 | D:15     | Killed a frost giant
 30752 | D:15     | Found a staircase to the Depths.
 31453 | Snake:1  | Entered Level 1 of the Snake Pit
 31464 | Snake:1  | Identified the serpent talisman "Wuahiche" {rF+ Will+ Str-2
                  | Dex+2}
 31464 | Snake:1  | Noticed Aizul
 31474 | Snake:1  | Killed Aizul
 31836 | Snake:1  | Reached skill level 1 in Armour
 31836 | Snake:1  | Reached skill level 1 in Shields
 31878 | Snake:1  | Gained mutation: Your hexes are more powerful. [demonic
                  | ancestry]
 31878 | Snake:1  | Reached XP level 16. HP: 102/131 MP: 21/32
 32516 | Snake:1  | Found Pukytuk's Jewellery Boutique.
 32516 | Snake:1  | Found Oteimne's Book Emporium.
 32517 | Snake:1  | Found Hepna's Jewellery Boutique.
 32528 | Snake:1  | Bought an amulet of reflection for 390 gold pieces
 34519 | Snake:3  | Learned a level 2 spell: Blink
 34684 | Snake:3  | Reached skill level 5 in Armour
 34688 | Snake:3  | Reached skill level 5 in Shields
 34938 | Snake:3  | Reached skill level 1 in Translocations
 35337 | Snake:4  | Entered Level 4 of the Snake Pit
 35573 | Snake:4  | Noticed Vashnia
 35576 | Snake:4  | Gained mutation: Your melee attacks may debilitate your
                  | foes. [demonic ancestry]
 35576 | Snake:4  | Reached XP level 17. HP: 122/139 MP: 24/34
 35593 | Snake:4  | Killed Vashnia
 35803 | Snake:4  | Found Utio's Distillery.
 35812 | Snake:4  | Bought a potion of haste for 160 gold pieces
 35812 | Snake:4  | Bought 2 potions of heal wounds for 160 gold pieces
 35812 | Snake:4  | Bought a potion of might for 64 gold pieces
 38360 | Snake:4  | Got a serpentine rune of Zot
 39701 | Shoals:1 | Entered Level 1 of the Shoals
 40036 | Shoals:1 | Reached XP level 18. HP: 143/151 MP: 2/36
 41925 | Snake:4  | Bought a potion of enlightenment for 80 gold pieces
 42204 | Orc:2    | Bought a pair of embroidered gloves for 172 gold pieces
 43842 | Shoals:2 | Noticed Donald
 43853 | Shoals:2 | Killed Donald
 44285 | Shoals:2 | Learned a level 5 spell: Arcjolt
 44307 | Shoals:2 | Noticed Polyphemus
 44324 | Shoals:2 | Killed Polyphemus
 45614 | Shoals:3 | Found a runed translucent gate.
 45619 | Shoals:3 | Found a runed translucent gate.
 45624 | Shoals:3 | Found a runed translucent gate.
 46032 | Shoals:3 | Reached skill level 5 in Translocations
 46100 | Shoals:4 | Entered Level 4 of the Shoals
 46827 | Shoals:4 | Noticed Bai Suzhen
 46845 | Shoals:4 | HP: 3/153 [Bai Suzhen] (44)]
 46845 | Shoals:4 | Succumbed to a merfolk impaler's poison

Illustrated notes

Levels and vault maps discovered:
D:1:      evilmike_arrival_crescent, layout_loops_ring, st_stairs_2
D:2:      layout_rooms
D:3:      layout_rooms, minmay_tree_intersection, minmay_box_of_dots
D:4:      layout_basic, minmay_temple_entry_ruins, fountainhead
D:5:      layout_gridville, nicolae_tricolors, uniq_prince_ribbit1
D:6:      layout_gridville, nicolae_shop_i_like_small_books_too,
          bh_walls_and_bars
D:7:      layout_loops_ring, ashenzari_altar_1, minmay_overflow_temple_hex,
          enter_bailey_2, grunt_decor_arrowhead, minmay_quadrilaterals,
          uniq_pikel, uniq_crazy_yiuf_cottage
D:8:      layout_cave_pods, mainiacjoe_overflow_catwalk,
          mainiacjoe_overflow_paths
D:9:      layout_basic, tso_metal_star, demons_altar, dpeg_oklobed_lair,
          kennysheep_generic_room_11
D:10:     nicolae_hitomezashi [nicolae_hito_row, nicolae_hito_row,
          nicolae_hito_row, nicolae_hito_row, nicolae_hito_row,
          nicolae_hito_row, nicolae_hito_row, nicolae_hito_row,
          nicolae_hito_row, nicolae_hito_row, nicolae_hito_row,
          nicolae_hito_row, nicolae_hito_row, nicolae_hito_row,
          nicolae_hito_row, nicolae_hito_row, nicolae_hito_row,
          nicolae_hito_row], layout_loops_corners
D:11:     layout_gridville, kennysheep_opposing_triangles
D:12:     kennysheep_demon_hangout, layout_long_grid, serial_shops,
          nicolae_shop_tiny_statue_garden
D:13:     layout_cave_pods, erik_vaults_1, serial_ice, serial_ice_a,
          serial_ice_d, serial_ice_b, serial_ice_f, serial_ice_k, serial_ice_m,
          serial_ice_g, minmay_guarded_unrand_skullcrusher
D:14:     minmay_the_grid_octo_tiled_octocenter [minmay_the_grid_octo_clover,
          minmay_the_grid_octo_chip, minmay_the_grid_octo_thin_diamonds,
          minmay_the_grid_octo_shrine,
          minmay_the_grid_octo_prize_ultimate_mussel_roller,
          minmay_the_grid_square_5x5_c, minmay_the_grid_square_5x5_three_small,
          minmay_the_grid_square_5x5_minimal, minmay_the_grid_square_5x5_meh],
          layout_small_grid
D:15:     grunt_enter_depths_snipers, layout_stronghold, minmay_misc_feat_alley,
          serial_shops, nicolae_shop_hallway_plus, minmay_between, uniq_jorgrun
Temple:   nicolae_temple_bog_church
Lair:1:   gammafunk_cloud_chamber, layout_big_grid,
          chequers_serial_rivers_micro_e
Lair:2:   layout_loops_ring, minmay_shoals_entry_lonely_mermaid,
          minmay_snake_entry_guardpost_small, grunt_megastairs_1,
          serial_bayou_shore_b
Lair:3:   layout_gridlike, uniq_josephine
Lair:4:   layout_regular_city, slime_entry_2, serial_forest,
          infiniplex_forest_lined_2, infiniplex_forest_lined_room_2,
          infiniplex_forest_straight_3, infiniplex_forest_clump_diagonal,
          infiniplex_forest_end_1, infiniplex_forest_clump_curved, ice2_lemuel,
          uniq_nessos
Lair:5:   gammafunk_lair_ancient_temple, layout_regular_city,
          chequers_serial_rivers_large_a, nicolae_lair_lakeside_cave
Shoals:1: layout_shoals, st_cyclops
Shoals:2: layout_shoals, uniq_polyphemus, uniq_donald
Shoals:3: layout_shoals, nicolae_shoals_beach_cooler
Shoals:4: shoals_end_hellmonk_storm_palace [storm_palace_center_ruins,
          storm_palace_corner_narrow, storm_palace_corner_pillars,
          storm_palace_corner_grid, storm_palace_corner_reverse_hut],
          serial_shops, uniq_bai_suzhen
Snake:1:  layout_misc_corridors, minmay_shop_grove, uniq_aizul
Snake:2:  layout_honeycomb
Snake:3:  layout_cave_town, grunt_megastairs_3
Snake:4:  grunt_snake_rune_spirals, layout_onion_interference, serial_shops,
          shop, beargit_elvish_explorers, uniq_vashnia
Orc:1:    layout_caves
Orc:2:    st_orc_open, layout_caves, serial_shops, nicolae_shop_rolled_up,
          uniq_rupert

Skill      XL: |  1  2  3  4  5  6  7  8  9 10 11 12 13 14 15 16 17 18 |
---------------+-------------------------------------------------------+-----
Stealth        | 2 3 4 5 6 7 8 9 10 11 12 13 | 13.6
Dodging        | 2 3 4 5 6 7 8 9 10 11 12 | 12.8
Fighting       | 1 2 3 4 5 6 7 8 9 10 11 12 13 | 13.8
Ice Magic      | 4 5 6 7 8 |  8.2
Spellcasting   | 3 4 5 6 7 8 9 10 11 12 | 12.6
Short Blades   | 2 3 5 6 7 |  7.0
Conjurations   | 1 2 3 4 5 6 8 |  8.0
Fire Magic     | 1 2 3 4 5 6 |  6.4
Necromancy     | 4 5 |  5.9
Earth Magic    | 4 |  4.8
Transmutations | 2 |  2.3
Summonings     | 5 7 |  7.8
Hexes          | 4 |  4.9
Armour         | 1 5 7 |  7.7
Shields        | 1 5 7 |  7.7
Translocations | 1 2 5 |  5.2

Action                     |  1- 3 |  4- 6 |  7- 9 | 10-12 | 13-15 | 16-18 || total
---------------------------+-------+-------+-------+-------+-------+-------++-------
  Melee: Dagger            |    26 |    55 |   150 |   292 |   854 |   610 ||  1987
         Tailslap          |       |     6 |    22 |    57 |   193 |   125 ||   403
         Headbutt          |       |     7 |    29 |    93 |   281 |   195 ||   605
         Sling             |       |     1 |       |       |       |       ||     1
         Punch             |       |       |     4 |     3 |       |       ||     7
   Fire: Sling             |    25 |    38 |    48 |   104 |       |       ||   215
  Throw: Boomerang         |       |       |       |     1 |       |       ||     1
   Cast: Freeze            |    31 |     2 |       |    31 |     1 |     2 ||    67
         Frozen Ramparts   |     7 |    16 |    30 |    66 |   104 |    21 ||   244
         Ozocubu's Armour  |       |    12 |    19 |    60 |    74 |    28 ||   193
         Foxfire           |       |       |    15 |   100 |   403 |   436 ||   954
         Dispel Undead     |       |       |       |     8 |    27 |       ||    35
         Borgnjor's Vile C |       |       |       |       |     9 |   103 ||   112
         Irradiate         |       |       |       |       |     5 |    24 ||    29
         Summon Mana Viper |       |       |       |       |     4 |    72 ||    76
         Summon Forest     |       |       |       |       |     1 |    66 ||    67
         Blink             |       |       |       |       |       |     4 ||     4
 Invoke: Curse Item        |       |       |       |     6 |     2 |     2 ||    10
         Shatter the Chain |       |       |       |       |       |     2 ||     2
  Evoke: Wand              |       |       |       |     3 |    32 |    23 ||    58
         Phial of floods   |       |       |       |       |       |     1 ||     1
    Use: Potion            |     1 |     9 |       |       |    12 |    15 ||    37
         Scroll            |       |     3 |     8 |    11 |     6 |    10 ||    38
   Stab: Sleeping          |     3 |     3 |       |     8 |    15 |    14 ||    43
         Distracted        |       |       |       |       |     2 |     9 ||    11
         Invisible         |       |       |       |       |     3 |       ||     3
         Petrified         |       |       |       |       |       |     1 ||     1
 Armour: Robe              |    27 |    47 |   139 |    27 |       |       ||   240
         Skin              |       |    40 |       |       |       |       ||    40
         Acid dragon scale |       |       |       |   242 |   563 |   528 ||  1333
  Dodge: Dodged            |    27 |    42 |   122 |   205 |   385 |   346 ||  1127
  Block: Other             |       |       |       |    18 |     2 |       ||    20
         Buckler           |       |       |       |       |   251 |   547 ||   798
         Reflection        |       |       |       |       |       |    80 ||    80

Table legend: (Time is in decaauts)
 A = Elapsed time spent in this place.
 B = Non-inter-level travel time spent in this place.
 C = Inter-level travel time spent in this place.
 D = Time resting spent in this place.
 E = Time spent auto-exploring this place.
 F = Levels seen in this place.
 G = Mean time per level.
                   A        B        C        D        E       F      G
               +--------+--------+--------+--------+--------+-----+--------+
         Total |  46752 |  43679 |   3073 |  11385 |  23534 |  32 | 1461.0 |
       Dungeon |  20348 |  18816 |   1532 |   3421 |  11974 |  15 | 1356.5 |
        Temple |     28 |     15 |     13 |      0 |      0 |   1 |   28.0 |
          Lair |   9027 |   8101 |    926 |   1798 |   4645 |   5 | 1805.4 |
        Shoals |   6215 |   6107 |    108 |   1629 |   3295 |   4 | 1553.8 |
     Snake Pit |   7926 |   7601 |    325 |   3215 |   2584 |   4 | 1981.5 |
  Orcish Mines |   2508 |   2341 |    167 |    863 |   1036 |   2 | 1254.0 |
        Bailey |    698 |    698 |      0 |    459 |      0 |   1 |  698.0 |
               +--------+--------+--------+--------+--------+-----+--------+

Top non-repeatable levels by time:
 Snake:4: 3456 daAuts
    D:13: 2945 daAuts
Shoals:2: 2321 daAuts
  Lair:2: 2266 daAuts
     D:9: 1952 daAuts
 Snake:3: 1847 daAuts
  Lair:4: 1830 daAuts
  Lair:1: 1776 daAuts
  Lair:5: 1767 daAuts
    D:11: 1710 daAuts
Shoals:1: 1672 daAuts
    D:14: 1652 daAuts
Shoals:3: 1480 daAuts
     D:5: 1432 daAuts
    D:15: 1406 daAuts
